 Dungeon Crawl Stone Soup version 0.28-a0-723-g095bd1b44f (webtiles) character file.

Game seed: 6385378352144446147

0 meatgazer the Skirmisher (level 1, -10/18 HPs)
             Began as a Demonspawn Abyssal Knight on Oct 25, 2021.
             Was a Follower of Lugonu.
             Mangled by a large abomination (28 damage)
             ... on level 2 of the Abyss.
             The game lasted 00:00:19 (135 turns).

meatgazer the Skirmisher (Demonspawn Abyssal Knight) Turns: 135, Time: 00:00:19

Health: -10/18     AC:  3    Str: 13    XL:     1   Next: 0%
Magic:  2/2        EV: 11    Int: 11    God:    Lugonu [*.....]
Gold:   46         SH:  0    Dex: 13    Spells: 0/0 levels left

rFire   . . .      SeeInvis .   a - +1 falchion
rCold   . . .      Faith    .   (no shield)
rNeg    . . .      Spirit   .   b - +0 leather armour
rPois   .          Reflect  .   (no helmet)
rElec   .          Harm     .   (no cloak)
rCorr   .          Rampage  .   (no gloves)
Will    .....                   (no boots)
Stlth   +.........              (no amulet)
HPRegen 0.06/turn               (no ring)
MPRegen 0.08/turn               (no ring)

@: no status effects
A: no striking features
a: Renounce Religion, Depart the Abyss


You were on level 2 of the Abyss.
You worshipped Lugonu.
Lugonu was aware of your devotion.
You visited 0 branches of the dungeon, and saw 0 of its levels.
You visited the Abyss 1 time.

You collected 46 gold pieces.

Inventory:

Hand Weapons
 a - a +1 falchion (weapon)
Armour
 b - a +0 leather armour (worn)


   Skills:
 + Level 3.0 Fighting
 + Level 1.7 Long Blades
 + Level 1.7 Armour
 + Level 0.8 Dodging
 + Level 2.4 Invocations


You couldn't memorise any spells.
You didn't know any spells.
Your spell library was empty.

Dungeon Overview and Level Annotations

Branches:
Dungeon (0/15)

Altars:


Message History

Welcome, meatgazer the Demonspawn Abyssal Knight.
Will you be the one to retrieve the awesome Orb of Zot from the depths?
Lugonu says: Depart the Abyss and spread corruption, my servant! (use the ability menu to exit the Abyss) Press ? for a list of commands and other information.
Found a corrupted altar of Lugonu.
Found a leather armour.
Found a gateway leading deeper into the Abyss.
Found a scroll labelled TEISUI XETUSA.
Found 11 gold pieces.
There is a gateway leading deeper into the Abyss here.
You plunge deeper into the Abyss.
Found 17 arrows.
You now have 34 gold pieces.
c - a scroll labelled NESEOH FOPHUES You now have 46 gold pieces (gained 12).
Found a gateway leading out of the Abyss.
Tentacles burst out of the water! 4 tentacles come into view.
The tentacle barely misses you.
A tentacle rises from the water!
A tentacle comes into view.
A tentacle segment bursts forth from the water.
As you read the scroll labelled NESEOH FOPHUES, it crumbles to dust.
It is a scroll of identify.
You don't have any unidentified items.
You start waiting.
A large abomination comes into view.
A large abomination is nearby!
A large abomination is nearby!
A large abomination is nearby!
A large abomination is nearby!
A large abomination is nearby!
A large abomination is nearby!
A large abomination is nearby!
A large abomination is nearby!
A large abomination is nearby!
A large abomination is nearby!
A large abomination is nearby!
The large abomination hits you!!
Ouch! That really hurt!
You die...

. .. # ## .#
.... . ... ...
. # ## .#. # #
..#. . .# . ###
. . . . ##.#...
.... #. #..#...
≈. ≈ ≈ #@##...
. ≈
#X#.......≈≈≈≈≈
. #.# #.#.....
≈≈≈≈ ## #..#..#
≈ .## . ≈≈∩ #
....≈ ≈ ### .≈
≈ ≈ ##. ≈≈ . .
≈≈≈


You could see a large abomination.

Vanquished Creatures (others)
  6 tentacles (Abyss:2)
6 creatures vanquished.

Notes
Turn   | Place    | Note
-------+----------+-------------------------------------------
     0 | Abyss:1  | meatgazer the Demonspawn Abyssal Knight began the quest for
                  | the Orb.
     0 | Abyss:1  | Reached XP level 1. HP: 18/18 MP: 2/2
    79 | Abyss:2  | Noticed a kraken
   133 | Abyss:2  | Noticed a large abomination
   135 | Abyss:2  | Mangled by a large abomination

Illustrated notes

Levels and vault maps discovered:
Abyss:2:  base: Temple, evilmike_abyss_exit_kraken

Action                   || total
-------------------------++-------
  Use: Scroll            ||     1
Dodge: Dodged            ||     1

Table legend: (Time is in decaauts)
 A = Elapsed time spent in this place.
 B = Non-inter-level travel time spent in this place.
 C = Inter-level travel time spent in this place.
 D = Time resting spent in this place.
 E = Time spent auto-exploring this place.
 F = Levels seen in this place.
 G = Mean time per level.
                   A        B        C        D        E       F      G
               +--------+--------+--------+--------+--------+-----+--------+
         Total |    134 |    134 |      0 |     44 |     66 |   2 |   67.0 |
         Abyss |    134 |    134 |      0 |     44 |     66 |   2 |   67.0 |
               +--------+--------+--------+--------+--------+-----+--------+

Top non-repeatable levels by time:
 Abyss:2: 103 daAuts
 Abyss:1: 31 daAuts
